 Dungeon Crawl Stone Soup version 0.30-a0-918-g0ff054e9dc (webtiles) character file.

Game seed: 13272877340549293275

7416 lessens the Cleaver (level 10, -1/172 HPs)
             Began as a Pale Draconian Delver on Mar 20, 2023.
             Was an Elder of Nemelex Xobeh.
             Succumbed to Urug's poison
             ... on level 10 of the Dungeon.
             The game lasted 00:18:01 (9345 turns).

lessens the Cleaver (Pale Draconian Delver)         Turns: 9345, Time: 00:18:02

Health: -1/172     AC: 25    Str: 19    XL:     10   Next: 93%
Magic:  13/13      EV:  2    Int: 11    God:    Nemelex Xobeh [****..]
Gold:   354        SH:  0    Dex: 12    Spells: 9/9 levels left

rFire   . . .      SeeInvis +    F - +3 war axe
rCold   . . .      Faith    .    (no shield)
rNeg    . . .      Spirit   .    (body armour unavailable)
rPois   +          Reflect  .    (helmet currently unavailable)
rElec   .          Rampage  .    t - melded +0 cloak
rCorr   .          NoTele   +    (gloves currently unavailable)
Will    .....                    N - melded +2 pair of boots Stlth
                                 (no amulet)
HPRegen 0.48/turn                p - ring of see invisible
MPRegen 0.13/turn                (no ring)

@: berserking, lethally poisoned (-1 -> -11), tree-form, very quick
A: stationary, stasis, torment immunity, boosted hp, (breathe steam), AC +7,
unfitting armour, (cold-blooded), (steam resistance)
a: Renounce Religion, Draw Escape, Draw Destruction, Draw Summoning, Triple
Draw, Deal Four


You were on level 10 of the Dungeon.
You worshipped Nemelex Xobeh.
Nemelex Xobeh was greatly pleased with you.
You were a tree.
You visited 1 branch of the dungeon, and saw 10 of its levels.

You collected 552 gold pieces.
You spent 198 gold pieces at shops.

Inventory:

Hand Weapons
 a - a +0 hand axe
 i - a +0 war axe
 F - a +3 war axe (weapon)
 J - a +0 battleaxe
 M - a +1 war axe of freezing
Missiles
 g - 15 poisoned darts (quivered)
 h - 101 stones
 K - 2 boomerangs
Armour
 t - a +0 cloak (melded)
 N - a +2 pair of boots (melded)
Jewellery
 p - a ring of see invisible (left branch)
Wands
 f - a wand of digging (3)
 r - a wand of roots (6)
 v - a wand of flame (31)
 G - a wand of polymorph (5)
Scrolls
 b - 4 scrolls of fog
 c - 4 scrolls of magic mapping
 d - 4 scrolls of fear
 k - 3 scrolls of immolation {unknown}
 l - 3 scrolls of teleportation {unknown}
 q - a scroll of vulnerability {unknown}
 w - 2 scrolls of torment
 y - 2 scrolls of blinking {unknown}
 z - a scroll of butterflies {unknown}
 B - 2 scrolls of enchant weapon {unknown}
 D - a scroll of poison {unknown}
 H - a scroll of amnesia {unknown}
 Q - a scroll of identify
Potions
 e - 6 potions of haste
 j - 3 potions of lignification
 m - 3 potions of curing
 n - 3 potions of brilliance
 s - 2 potions of cancellation
 u - a potion of might
 x - 3 potions of mutation {unknown}
 A - 3 potions of invisibility {unknown}
 C - a potion of magic {unknown}
 E - a potion of flight {unknown}
 I - a potion of experience {unknown}
 L - 2 potions of heal wounds
 O - 2 potions of degeneration {unknown}
 P - 2 potions of ambrosia {unknown}


   Skills:
 - Level 3.2 Fighting
 * Level 14.8 Axes
 - Level 6.5 Dodging
 - Level 4.5 Stealth
 + Level 4.0 Invocations


You had 9 spell levels left.
You didn't know any spells.
Your spell library contained the following spells:

 Spells                   Type           Power      Damage    Failure   Level
 Beastly Appendage        Tmut           0%         N/A       34%         1
 Magic Dart               Conj           0%         1d3       34%         1
 Blink                    Tloc           0%         N/A       47%         2
 Call Imp                 Summ           0%         N/A       47%         2
 Lesser Beckoning         Tloc           0%         N/A       47%         2
 Momentum Strike          Conj/Tloc      0%         3d8       47%         2
 Sublimation of Blood     Necr           0%         N/A       47%         2
 Wereblood                Tmut           0%         N/A       47%         2
 Frozen Ramparts          Ice            0%         1d1       71%         3
 Gell's Gravitas          Tloc           0%         N/A       71%         3
 Mephitic Cloud           Conj/Pois/Air  0%         N/A       71%         3
 Spider Form              Tmut/Pois      0%         N/A       71%         3
 Ice Form                 Ice/Tmut       0%         N/A       98%         4
 Summon Ice Beast         Ice/Summ       0%         N/A       98%         4


Dungeon Overview and Level Annotations

Branches:
Dungeon (10/15) Zot: 26742  Temple (0/1) D:5            Lair (0/5) D:9
    Orc: D:9-12

Altars:
Cheibriados
Gozag
Kikubaaqudgha
Nemelex Xobeh
Wu Jian

Shops:
D:2 :[[!(   D:8 *   D:9 [

Annotations:
D:6 3 runed translucent doors, deadpool521's ghost, novice MiFi
D:10 Lodul; Urug


Innate Abilities, Weirdness & Mutations

You are a tree.
Your roots penetrate the ground, keeping you stationary.
You cannot be teleported.
You are immune to unholy pain and torment.
Your maximum health is greatly increased.
Your equipment is partially melded.
((You can breathe blasts of scalding, opaque steam.))
((Your pale cyan-grey scales are hard. (AC +7)))
You cannot fit into any form of body armour.
((You are cold-blooded and may be slowed by cold attacks.))
((You are immune to the effects of steam.))


Message History

Urug hits you with a +4 broad axe of venom!
* * * LOW HITPOINT WARNING * * *
You closely miss Urug. You punch Urug, but do no damage.
Urug is moderately wounded.
Urug hits you with a +4 broad axe of venom!!
* * * LOW HITPOINT WARNING * * *
You are poisoned.
An ogre comes into view. It is wielding a +0 giant spiked club.
You slash Urug!
Urug is moderately wounded.
You barely miss the ogre.
You feel very sick.
You slash Urug!
Urug is severely wounded.
You slash the ogre!
You have got your breath back.
You feel sick.
An ogre comes into view. It is wielding a +0 giant club.
Urug hits you but does no damage.
The ogre hits you with a +0 giant spiked club!
* * * LOW HITPOINT WARNING * * *
Lodul the Thundrous comes into view.
He is wielding a +3 dire flail of protection and carrying a wand of roots (7).
You closely miss Urug.
Urug is severely wounded.
Lodul shouts!
You slash the ogre!
* * * LOW HITPOINT WARNING * * *
You feel very sick.
You hear a shout!
You slash Urug!
Urug is severely wounded.
You slash the ogre!
You kill the ogre!
You feel sick.
Urug hits you with a +4 broad axe of venom!
* * * LOW HITPOINT WARNING * * *
You slash Urug!
Urug is almost dead.
You die...
Your body glows with a rainbow of weird colours and disappears.

###..###....#####
#......#....#
#......#....#
#......'.##.#
#......#.##.#
#....>.#.##.#
##+#####....#
########...........#
#.....o♣.####......#
#.....)#...........#
#..##..#...........#
# #.O###+###.....#
... #.....+ ....
#.###.# O.... #.#
#.# ...... .. #.#
... #.#


You could see Lodul, Urug and an ogre.

Vanquished Creatures
  A troll (D:9)
  4 wyverns
  14 yaks
  A basilisk (D:9)
  2 steam dragons
  2 water moccasins (D:9)
  2 ice beasts (D:7)
  5 orc warriors
  A sky beast (D:7)
  3 black bears
  2 ogres
  3 phantoms
  A kobold brigand (D:8)
  3 gnoll sergeants
  A bullfrog (D:8)
  7 scorpions
  12 wights
  5 howler monkeys
  3 hounds
  2 jellies
  7 orc priests
  A gnoll bouda (D:7)
  A sleepcap (D:4)
  Jessica (D:2)
  An iguana (D:4)
  10 orc wizards
  15 gnolls
  9 adders
  A shadow imp (D:7)
  An ufetubus (D:3)
  2 worms
  3 dart slugs
  30 orcs
  3 bats
  10 endoplasms
  7 giant cockroaches
  9 goblins
  6 hobgoblins
  2 jackals (D:1)
  4 quokkas
  9 ball pythons
  3 frilled lizards
  12 kobolds
  3 rats
224 creatures vanquished.

Vanquished Creatures (others)
  A fungus (D:9)
  9 plants (D:9)
10 creatures vanquished.

Grand Total: 234 creatures vanquished

Notes
Turn   | Place    | Note
-------+----------+-------------------------------------------
     0 | D:5      | lessens the Draconian Delver began the quest for the Orb.
     0 | D:5      | Reached XP level 1. HP: 19/19 MP: 1/1
   136 | D:4      | Found an ornate altar of the Wu Jian Council.
   251 | D:4      | Noticed a sleepcap
   264 | D:4      | Killed a sleepcap
   265 | D:4      | Reached skill level 3 in Axes
   265 | D:4      | Reached XP level 2. HP: 26/26 MP: 2/2
   265 | D:4      | Reached XP level 3. HP: 31/31 MP: 3/3
   390 | D:4      | Found a sparkling altar of Nemelex Xobeh.
   393 | D:4      | Became a worshipper of Nemelex Xobeh the Trickster
   478 | D:3      | Reached skill level 4 in Axes
   547 | D:2      | Reached XP level 4. HP: 38/38 MP: 4/4
   970 | D:1      | Found a faded altar of an unknown god.
  1210 | D:2      | Reached * piety under Nemelex Xobeh
  1211 | D:2      | Found Nijaq's Distillery.
  1224 | D:2      | Found Ruvvaes's Weapon Shop.
  1312 | D:2      | Noticed Jessica
  1315 | D:2      | Found Sudarch's Antique Armour Emporium.
  1318 | D:2      | Killed Jessica
  1319 | D:2      | Reached skill level 5 in Axes
  1330 | D:2      | Reached XP level 5. HP: 27/45 MP: 5/5
  1639 | D:2      | Found Exkilut's Antique Armour Boutique.
  1666 | D:2      | Found Vumn's Book Shop.
  1912 | D:3      | Received a gift from Nemelex Xobeh
  2407 | D:4      | Reached skill level 6 in Axes
  2492 | D:4      | HP: 1/45 [something/puff of flame (8)]
  2496 | D:4      | Reached XP level 6. HP: 4/51 MP: 6/6
  2497 | D:4      | HP: 3/114 [something (2)]
  3034 | D:4      | Reached skill level 7 in Axes
  3390 | D:5      | Reached ** piety under Nemelex Xobeh
  3390 | D:5      | Received a gift from Nemelex Xobeh
  3438 | D:5      | Your scales start taking on a pale cyan-grey colour.
  3438 | D:5      | Reached XP level 7. HP: 56/57 MP: 7/7
  3438 | D:5      | Gained mutation: You are immune to the effects of steam.
                  | [Pale Draconian growth]
  3444 | D:5      | Found a staircase to the Ecumenical Temple.
  3566 | D:5      | Reached skill level 8 in Axes
  4064 | D:5      | Found a snail-covered altar of Cheibriados.
  4150 | D:6      | Reached skill level 9 in Axes
  4373 | D:6      | Reached XP level 8. HP: 63/63 MP: 8/8
  4423 | D:6      | Noticed deadpool521's ghost (novice MiFi)
  4429 | D:6      | Found a runed translucent gate.
  4429 | D:6      | Found a runed translucent gate.
  4431 | D:6      | Found a runed translucent gate.
  4518 | D:6      | Received a gift from Nemelex Xobeh
  4747 | D:6      | Got the Handbook of Creeping Direction
  4767 | D:6      | Reached skill level 10 in Axes
  5342 | D:7      | Reached skill level 11 in Axes
  5361 | D:7      | Reached XP level 9. HP: 67/70 MP: 9/9
  5396 | D:7      | Reached *** piety under Nemelex Xobeh
  6366 | D:7      | Received a gift from Nemelex Xobeh
  6371 | D:7      | Reached skill level 12 in Axes
  6511 | D:7      | Found an ancient bone altar of Kikubaaqudgha.
  6736 | D:8      | Reached skill level 5 in Dodging
  7036 | D:8      | Found Gozag's Platinum Reserve.
  7544 | D:8      | Reached skill level 13 in Axes
  7729 | D:8      | Found an opulent altar of Gozag.
  7779 | D:8      | Reached XP level 10. HP: 37/77 MP: 10/10
  7965 | D:9      | Received a gift from Nemelex Xobeh
  8436 | D:9      | Found a staircase to the Lair.
  8529 | D:9      | Reached skill level 14 in Axes
  8529 | D:9      | Reached skill level 1 in Invocations
  8679 | D:9      | Found Daav's Armour Emporium.
  8687 | D:9      | Bought a +2 pair of boots for 198 gold pieces
  9081 | D:10     | Entered Level 10 of the Dungeon
  9141 | D:10     | Reached **** piety under Nemelex Xobeh
  9332 | D:10     | Noticed Urug
  9342 | D:10     | Noticed Lodul
  9344 | D:10     | HP: 1/172 [Urug/+4 broad axe of venom (12)]
  9345 | D:10     | Succumbed to Urug's poison

Illustrated notes

Levels and vault maps discovered:
D:1:      saegor_arrival_simple_c, layout_basic,
          chequers_ecumenical_altar_island, minmay_tetromino_l2
D:2:      layout_basic, serial_shops, shop, nicolae_shop_crystal, shop,
          nicolae_shop_trees, shop, uniq_jessica
D:3:      layout_rooms
D:4:      layout_basic, kennysheep_mini_moat, nzn_wu_jian_contemplation
D:5:      layout_basic, marbit_many_paths, minmay_temple_entry_tees,
          minivault_26
D:6:      layout_basic, gammafunk_ghost_split
D:7:      layout_cave_pools, mainiacjoe_overflow_alcove_2,
          david_defended_altar_orc
D:8:      layout_loops_ring, nicolae_gozag_zags_fifth_avenue, minivault_1
D:9:      layout_roguey, minmay_lair_entry_grove, serial_shops,
          nicolae_shop_stone
D:10:     minmay_the_grid_triangle_9x9_recursive_2_mashed
          [minmay_the_grid_triangle_9x9_prize_insulated,
          minmay_the_grid_triangle_9x9_impossible_snake,
          minmay_the_grid_triangle_9x9_intruding_spiral,
          minmay_the_grid_triangle_9x9_odd_lines], layout_stronghold,
          minmay_curled_crystal, uniq_maurice, uniq_lodul, uniq_urug

Skill      XL: |  1  2  3  4  5  6  7  8  9 10 |
---------------+-------------------------------+-----
Axes           | 3 4 5 6 7 9 11 13 14 | 14.8
Dodging        | 3 5 6 |  6.5
Invocations    | 4 |  4.0
Fighting       | |  3.2
Stealth        | |  4.5

Action                     |  1- 3 |  4- 6 |  7- 9 | 10-12 || total
---------------------------+-------+-------+-------+-------++-------
  Melee: Hand axe          |    10 |       |    14 |       ||    24
         War axe           |    45 |   198 |   242 |    95 ||   580
         Tailslap          |     9 |    24 |    44 |    14 ||    91
         Punch             |       |       |     6 |     1 ||     7
  Throw: Dart              |     4 |    12 |    14 |       ||    30
Ability: Breathe Steam     |       |       |    32 |     9 ||    41
  Evoke: Wand              |       |       |     1 |     1 ||     2
    Use: Potion            |       |     3 |       |     5 ||     8
         Scroll            |       |     4 |     1 |       ||     5
   Stab: Sleeping          |     1 |    11 |     4 |     2 ||    18
         Distracted        |       |       |     1 |       ||     1
 Armour: Skin              |    14 |    91 |    49 |    24 ||   178
  Dodge: Dodged            |    42 |   132 |   144 |    49 ||   367

Table legend: (Time is in decaauts)
 A = Elapsed time spent in this place.
 B = Non-inter-level travel time spent in this place.
 C = Inter-level travel time spent in this place.
 D = Time resting spent in this place.
 E = Time spent auto-exploring this place.
 F = Levels seen in this place.
 G = Mean time per level.
                   A        B        C        D        E       F      G
               +--------+--------+--------+--------+--------+-----+--------+
         Total |   9387 |   8975 |    412 |    734 |   6271 |  10 |  938.7 |
       Dungeon |   9387 |   8975 |    412 |    734 |   6271 |  10 |  938.7 |
               +--------+--------+--------+--------+--------+-----+--------+

Top non-repeatable levels by time:
     D:8: 1723 daAuts
     D:7: 1328 daAuts
     D:4: 1219 daAuts
     D:5: 1190 daAuts
     D:6: 949 daAuts
     D:9: 796 daAuts
     D:3: 678 daAuts
     D:1: 624 daAuts
     D:2: 620 daAuts
    D:10: 257 daAuts
